 Dungeon Crawl Stone Soup version 0.31-a0-1291-g5386780bc2 (webtiles) character file.

Game seed: 7532769581960764475

1806 Colgate the Covert (level 9, -5/56 HPs)
             Began as a Kobold Brigand on Dec 18, 2023.
             Was a Follower of Dithmenos.
             Slain by a killer bee (7 damage)
             ... on level 6 of the Dungeon.
             The game lasted 00:27:35 (6980 turns).

Colgate the Covert (Kobold Brigand)                 Turns: 6980, Time: 00:27:36

Health: -5/56      AC:  6    Str: 14    XL:     9   Next: 31%
Magic:  9/9        EV: 16    Int: 13    God:    Dithmenos [*.....]
Gold:   374        SH:  0    Dex: 20    Spells: 8/8 levels left

rFire   . . .        x - +0 dagger (venom)
rCold   + . .        (no shield)
rNeg    . . .        w - +1 robe {rC+}
rPois   .            o - +0 helmet
rElec   .            c - +0 cloak
rCorr   .            B - +0 pair of gloves
SInv    .            (no boots)
Will    .....        h - amulet of regeneration
Stlth   +++++++      i - +6 ring of strength
HPRegen 1.09/turn    (no ring)
MPRegen 0.11/turn

%: no passive effects
@: wreathed by umbra
A: small, no large weapons, nightstalker 3
a: Renounce Religion


You were on level 6 of the Dungeon.
You worshipped Dithmenos.
Dithmenos was aware of your devotion.
You visited 2 branches of the dungeon, and saw 8 of its levels.

You collected 459 gold pieces.
You spent 85 gold pieces at shops.

Inventory:

Hand Weapons
 a - a +2 dagger of draining
 b - a +1 dagger of speed
 k - a +2 dagger
 v - a +2 dagger of freezing
 x - a +0 dagger of venom (weapon)
 C - a +4 short sword
Missiles
 d - 16 poisoned darts (quivered)
 e - 2 curare-tipped darts
Armour
 c - a +0 cloak (worn)
 o - a +0 helmet (worn)
 w - a +1 robe of cold resistance (worn)
 B - a +0 pair of gloves (worn)
Jewellery
 h - an amulet of regeneration (around neck)
 i - a +6 ring of strength (left hand)
Wands
 s - a wand of charming (22)
 y - a wand of flame (13)
Scrolls
 g - 4 scrolls of poison
 l - a scroll of vulnerability {unknown}
 n - a scroll of immolation {unknown}
 q - a scroll of noise
 r - a scroll of teleportation {@r3}
 z - a scroll of fear {unknown}
Potions
 f - 4 potions of brilliance
 j - a potion of heal wounds {@q2}
 m - 2 potions of might {@q3}
 p - a potion of degeneration {unknown}
 t - a potion of lignification {unknown}
 u - 2 potions of curing {unknown}
 A - a potion of resistance {unknown}


   Skills:
 + Level 6.6 Fighting
 - Level 10.1 Short Blades
 - Level 2.1 Throwing
 - Level 3.0 Dodging
 - Level 10.1 Stealth


You had 8 spell levels left.
You didn't know any spells.
Your spell library contained the following spells:

 Spells                   Type           Power      Damage    Failure   Level
 Blink                    Tloc           0%         N/A       43%         2
 Cigotuvi's Dreadful Rot  Necr/Pois/Air  0%         N/A       43%         2
 Lesser Beckoning         Tloc           0%         N/A       43%         2
 Momentum Strike          Conj/Tloc      0%         3d8       43%         2
 Ignite Poison            Fire/Tmut/Pois 0%         N/A       67%         3
 Summon Guardian Golem    Hex/Summ       0%         N/A       67%         3
 Animate Armour           Summ/Erth      0%         N/A       97%         4
 Alistair's Intoxication  Tmut/Pois      0%         N/A       100%        5
 Conjure Ball Lightning   Conj/Air       0%         3x3d6     100%        6
 Discord                  Hex            0%         N/A       100%        8
 Disjunction              Tloc           0%         N/A       100%        8


Dungeon Overview and Level Annotations

Branches:
Dungeon (7/15)             Temple (1/1) D:6

Altars:
Ashenzari
Cheibriados
Dithmenos
Elyvilon
Fedhas
Kikubaaqudgha
Nemelex Xobeh
Okawaru
Ru
Sif Muna
Trog
Wu Jian
Xom
Zin
The Shining One

Shops:
D:1 *

Annotations:
D:3 Grinder


Innate Abilities, Weirdness & Mutations

You are small and have problems with some larger weapons.
You are completely attuned to the shadows.


Message History

You climb downwards.
You hear the roar of battle.
There is an entrance to a bailey on this level.
Hurry and find it before the portal closes forever!
The killer bee stings you! x2; The killer bee closely misses you.
The killer bee stings you.
You are poisoned.
The killer bee poisons you! The killer bee stings you.
The killer bee completely misses you.
There is a stone staircase leading up, spattered with blood here.
You feel sick. The killer bee stings you. The killer bee closely misses you.
The killer bee stings you! The killer bee misses you.
You climb upwards.
You feel sick.
There is a stone staircase leading down here.
You feel sick.
The killer bee attacks as it pursues you!
The killer bee closely misses you. The killer bee stings you.
* * * LOW HITPOINT WARNING * * *
The killer bee stings you.
* * * LOW HITPOINT WARNING * * *
The killer bee barely misses you.
You feel sick. The killer bee completely misses you.
The killer bee closely misses you. x2
You feel sick.
You are no longer poisoned.
The killer bee attacks as it pursues you!
The killer bee stings you but does no damage.
The killer bee completely misses you. The killer bee stings you!
* * * LOW HITPOINT WARNING * * *
You are poisoned.
The killer bee poisons you!
You feel sick. The killer bee barely misses you. x2
You feel sick. The killer bee misses you. The killer bee stings you.
* * * LOW HITPOINT WARNING * * *
You feel sick. The killer bee barely misses you.
You feel sick.
You feel sick.
You are no longer poisoned.
The killer bee barely misses you. The killer bee misses you.
The killer bee stings you!
You die...

##..#
#............#####..
##.## #..........###
##. ##.###
#........### ##
#...####.......>#
##...............#
#..#####........##
##..# ###.##.###
#..## #yy### ##
##..# ##@## .###..##
##.## ..##.#######
#..## ..#........##
##..# ............##
##.## .....#...##..#
##.## ......#.#..#.#
#..# ...#..#....#.#
##.## ########
....##....#..#
##.###.......


You could see 2 killer bees.

Vanquished Creatures
  Sigmund (D:4)
  A water moccasin (D:4)
  A sky beast (Temple)
  A black bear (D:7)
  2 ogres
  A centaur (D:5)
  A kobold brigand (D:6)
  3 scorpions (D:5)
  2 killer bees
  5 orc priests
  3 hounds
  2 jellies
  2 sleepcaps
  Ijyb (D:3)
  4 iguanas
  Natasha (thrice) (D:3)
  3 orc wizards
  3 adders
  3 dart slugs
  15 orcs
  9 endoplasms
  3 giant cockroaches
  9 goblins
  5 hobgoblins
  6 jackals (D:3)
  2 quokkas
  8 ball pythons
  6 bats
  2 frilled lizards
  12 kobolds
  6 rats
125 creatures vanquished.

Vanquished Creatures (others)
  An orc wizard (D:5)
1 creature vanquished.

Grand Total: 126 creatures vanquished

Notes
Turn   | Place    | Note
-------+----------+-------------------------------------------
     0 | D:1      | Colgate the Kobold Brigand began the quest for the Orb.
     0 | D:1      | Reached XP level 1. HP: 12/12 MP: 1/1
   260 | D:1      | Reached XP level 2. HP: 17/17 MP: 2/2
   781 | D:1      | Found Petsa's Assorted Antiques.
  1208 | D:2      | Reached XP level 3. HP: 21/21 MP: 3/3
  1968 | D:1      | Bought 2 ruby potions for 43 gold pieces
  2228 | D:3      | Reached XP level 4. HP: 26/26 MP: 4/4
  2595 | D:3      | Reached skill level 5 in Short Blades
  2657 | D:3      | Noticed Natasha
  2661 | D:3      | Killed Natasha
  2744 | D:3      | Noticed Ijyb
  2811 | D:3      | Killed Ijyb
  2812 | D:3      | Reached XP level 5. HP: 30/30 MP: 5/5
  2969 | D:3      | Noticed Grinder
  2976 | D:3      | Paralysed by Grinder for 4 turns
  3069 | D:3      | Noticed Natasha
  3077 | D:3      | Killed Natasha
  3322 | D:3      | Noticed Natasha
  3330 | D:3      | Killed Natasha
  3331 | D:3      | Reached XP level 6. HP: 35/35 MP: 6/6
  3538 | D:1      | Bought a fizzy grey potion for 21 gold pieces
  3538 | D:1      | Bought a fizzy grey potion for 21 gold pieces
  3823 | D:4      | Noticed Sigmund
  3903 | D:4      | Killed Sigmund
  3904 | D:4      | Reached XP level 7. HP: 40/40 MP: 7/7
  4120 | D:4      | Found a shadowy altar of Dithmenos.
  4125 | D:4      | Became a worshipper of Dithmenos the Shadowed
  4136 | D:4      | Noticed a water moccasin
  4142 | D:4      | Killed a water moccasin
  4204 | D:4      | Found a sacrificial altar of Ru.
  4575 | D:4      | Reached XP level 8. HP: 44/44 MP: 8/8
  4617 | D:5      | Entered Level 5 of the Dungeon
  4646 | D:5      | Reached skill level 10 in Stealth
  5036 | D:5      | Reached skill level 10 in Short Blades
  5746 | D:6      | Found a staircase to the Ecumenical Temple.
  5749 | D:6      | Reached * piety under Dithmenos
  5761 | Temple   | Entered the Ecumenical Temple
  5813 | Temple   | Reached XP level 9. HP: 26/52 MP: 9/9
  6079 | D:6      | Found an ornate altar of the Wu Jian Council.
  6727 | D:7      | Got the Tome of Fetid Companions
  6760 | D:7      | Reached skill level 5 in Fighting
  6860 | D:7      | Found an ancient bone altar of Kikubaaqudgha.
  6977 | D:6      | HP: 2/56 [killer bee (3)]
  6980 | D:6      | Slain by a killer bee

Illustrated notes

Levels and vault maps discovered:
D:1:      minmay_arrival_doors, layout_loops_ring, serial_shops, shop_coins
D:2:      layout_loops_ring
D:3:      layout_loops_corners, uniq_grinder, uniq_ijyb, uniq_natasha
D:4:      layout_rooms, nicolae_ru_awakened_eye,
          mainiacjoe_overflow_small_starburst,
          eino_small_chamber_without_monster, hangedman_feature_mirror,
          uniq_sigmund
D:5:      layout_basic, serial_rivers, chequers_serial_rivers_small_b,
          chequers_serial_rivers_small_a, chequers_serial_rivers_small_3,
          chequers_serial_rivers_micro_d
D:6:      layout_cave_pods, mainiacjoe_overflow_brackets,
          minmay_temple_entry_mini_moons
D:7:      layout_rooms, nicolae_overflow_hidden_temple, amcnicky_altar_gilded,
          mainiacjoe_overflow_divided_tiny, enter_bailey_5, st_stairs_2,
          uniq_jeremiah
Temple:   minmay_freezing_vapour_temple

Skill      XL: |  1  2  3  4  5  6  7  8  9 |
---------------+----------------------------+-----
Short Blades   | 3 4 6 8 10 | 10.1
Stealth        | 6 7 9 10 | 10.1
Fighting       | 4 6 |  6.6
Dodging        | 3 |  3.0
Throwing       | |  2.1

Action                     |  1- 3 |  4- 6 |  7- 9 || total
---------------------------+-------+-------+-------++-------
  Melee: Dagger            |    90 |   144 |   370 ||   604
         Punch             |     1 |     1 |     5 ||     7
  Throw: Dart              |       |     7 |     4 ||    11
         Throwing net      |       |       |     1 ||     1
    Use: Scroll            |     3 |     1 |     2 ||     6
         Potion            |       |     1 |       ||     1
   Stab: Sleeping          |    23 |     6 |    20 ||    49
         Distracted        |     1 |       |     2 ||     3
         Held in net/web   |       |       |     1 ||     1
 Armour: Robe              |    24 |    67 |   104 ||   195
  Dodge: Dodged            |    37 |    76 |   149 ||   262

Table legend: (Time is in decaauts)
 A = Elapsed time spent in this place.
 B = Non-inter-level travel time spent in this place.
 C = Inter-level travel time spent in this place.
 D = Time resting spent in this place.
 E = Time spent auto-exploring this place.
 F = Levels seen in this place.
 G = Mean time per level.
                   A        B        C        D        E       F      G
               +--------+--------+--------+--------+--------+-----+--------+
         Total |   6693 |   5730 |    963 |    133 |   4299 |   8 |  836.6 |
       Dungeon |   6628 |   5665 |    963 |    133 |   4275 |   7 |  946.9 |
        Temple |     65 |     65 |      0 |      0 |     24 |   1 |   65.0 |
               +--------+--------+--------+--------+--------+-----+--------+

Top non-repeatable levels by time:
     D:3: 1436 daAuts
     D:1: 1212 daAuts
     D:2: 1172 daAuts
     D:6: 1012 daAuts
     D:5: 924 daAuts
     D:4: 717 daAuts
     D:7: 153 daAuts
  Temple: 65 daAuts
